 Dungeon Crawl Stone Soup version 0.30.1-4-g462c640d31 (webtiles) character file.

Game seed: 3122168887525375457

3 Gunnblindi the Sneak (level 1, 0/14 HPs)
             Began as an Octopode Brigand on June 27, 2023.
             Slain by a quokka (4 damage)
             ... on level 1 of the Dungeon on Sept 15, 2023.
             The game lasted 00:03:06 (352 turns).

Gunnblindi the Sneak (Octopode Brigand)              Turns: 352, Time: 00:03:07

Health: 0/14       AC:  1    Str: 10    XL:     1   Next: 50%
Magic:  1/1        EV: 12    Int: 13    God:
Gold:   29         SH:  0    Dex: 13    Spells: 0/0 levels left

rFire   . . .        (no weapon)
rCold   . . .        (no shield)
rNeg    . . .        (helmet restricted)
rPois   .            (no amulet)
rElec   .            (no ring)
rCorr   .            (no ring)
SInv    .            (no ring)
Will    .....        (no ring)
Stlth   ++++         (no ring)
HPRegen 0.22/turn    (no ring)
MPRegen 0.07/turn    (no ring)
                     (no ring)

%: no passive effects
@: no status effects
A: almost no armour, amphibious, 8 rings, camouflage 1, gelatinous body 1,
(nimble swimmer 1), tentacles
a: no special abilities


You were on level 1 of the Dungeon.
You visited 1 branch of the dungeon, and saw 1 of its levels.

You collected 29 gold pieces.

Inventory:

Hand Weapons
 a - a +2 dagger
Missiles
 b - 5 poisoned darts (quivered)
 c - 3 curare-tipped darts


   Skills:
 + Level 2.0 Fighting
 + Level 2.1 Short Blades
 + Level 2.0 Throwing
 + Level 1.0 Dodging
 + Level 5.4 Stealth


You couldn't memorise any spells.
You didn't know any spells.
Your spell library was empty.

Dungeon Overview and Level Annotations

Branches:
Dungeon (1/15)

Altars:


Innate Abilities, Weirdness & Mutations

You cannot wear most types of armour.
You are amphibious.
You can wear up to eight rings at the same time.
Your skin changes colour to match your surroundings (Stealth+).
Your rubbery body absorbs attacks. (AC +1, EV +1)
((You are camouflaged when in or above water. (Stealth+)))
You have tentacles for arms and can constrict up to eight enemies at once.


Message History

Really attack while wielding nothing? [Y]es or [N]o only, please.
Really attack while wielding nothing? [Y]es or [N]o only, please.
Really attack while wielding nothing?
Okay, then.
The quokka bites you. The quokka bites you.
Really attack while wielding nothing? [Y]es or [N]o only, please.
Really attack while wielding nothing? [Y]es or [N]o only, please.
Really attack while wielding nothing? [Y]es or [N]o only, please.
Really attack while wielding nothing?
You tentacle-slap the quokka. You grab the quokka.
The quokka is heavily wounded.
You constrict the quokka, but do no damage.
The quokka bites you.
You tentacle-slap the quokka.
The quokka is severely wounded.
You constrict the quokka. The quokka bites you.
You release your grip on the quokka.
The quokka barely misses you.
You tentacle-slap the fungus.
The fungus begins to die.
You grab the fungus.
The fungus is lightly damaged.
You constrict the fungus. The quokka misses you. The quokka bites you.
You release your grip on the fungus.
The quokka attacks as you move away! The quokka closely misses you.
There are no items here.
The quokka bites you.
There are no items here.
You tentacle-slap the plant.
The plant begins to die.
You grab the plant.
You squeeze the plant, but do no damage.
The plant is lightly damaged.
You constrict the plant.
A nearby fungus withers and dies.
The quokka bites you.
* * * LOW HITPOINT WARNING * * *
You release your grip on the plant.
The quokka closely misses you. x2
The quokka bites you.
You die...

## #.#### ## #...#
## #.##@rP##.#
#P......#
#######.......#
####.....#P.(PPP.#.#
........#.......(.#
........#..P.PP.P.#
........#.........#
........#P..P.P...#
........#####_#####


You could see a quokka.

Vanquished Creatures
  An endoplasm (D:1)
  A hobgoblin (D:1)
  A bat (D:1)
3 creatures vanquished.

Notes
Turn   | Place    | Note
-------+----------+-------------------------------------------
     0 | D:1      | Gunnblindi the Octopode Brigand began the quest for the
                  | Orb.
     0 | D:1      | Reached XP level 1. HP: 14/14 MP: 1/1
   286 | D:1      | Found a faded altar of an unknown god.
   318 | D:1      | Upgraded the game from 0.30.0-30-g96aa6591b8 to
                  | 0.30.1-4-g462c640d31
   352 | D:1      | Slain by a quokka

Illustrated notes

Levels and vault maps discovered:
D:1:      dpeg_arrival_circle_labyrinth_c, layout_basic,
          shapermc_ecumenical_altar_gd, grunt_decor_junction

Action                     || total
---------------------------++-------
  Melee: Dagger            ||     8
         Constrict         ||     5
         Unarmed           ||     4
         Tentacles         ||     3
  Throw: Dart              ||    12
 Armour: Skin              ||     4
  Dodge: Dodged            ||    11
